cohdb
Replays
Latest Replays
All Replays
Popular Replays
Top Player Replays
Match Explorer
How It Works
Community
CoH3 Stats
Reddit
Sign in to upload your games and track your stats! →
Sign in with Steam
Match 45249949
Unlisted
Match 45249949
Overview
Messages
Build Orders
End
Construct Infanterie Kompanie
Grenadier Squad
Grenadier Squad
Pioneer Squad
Construct Panzergrenadier Kompanie
Medical Bunker
Panzergrenadier Squad
Panzergrenadier Officer Quarters
Selects Terror Battlegroup
Construct Panzer Kompanie
Stoßtruppen Squad
Stoßtruppen Squad
Panzer Officer Quarters
Selects Machine Gun Camouflage
Selects Contempt for the Weak
Selects No Quarter
Grenadier Squad
Infanterie Officer Quarters
Panzer IV Medium Tank
Pioneer Squad
Panzer IV Medium Tank
Side Skirts
Selects King Tiger Heavy Tank
Selects Jericho Trumpet
Jericho Trumpet
Jericho Trumpet
King Tiger Heavy Tank
Panzer IV Medium Tank
Selects V1 Rocket Strike
ProxyFox
K. Ronaldo
♥ ~Lady Rytsu~ ♥
Swan
0
0
Comments
sign in to comment!
No comments posted yet!